 Dungeon Crawl Stone Soup version 0.18-a0-1784-ga939a68 (webtiles) character file.

177 wvc the Cutter (level 5, -2/41 HPs)
             Began as a Demonspawn Monk on Apr 18, 2016.
             Slain by a kobold
             ... wielding a +0 dagger
              (3 damage)
             ... in a sewer.
             The game lasted 00:06:07 (2491 turns).

wvc the Cutter (Demonspawn Monk)                    Turns: 2491, Time: 00:06:08

Health: -2/41      AC:  6    Str: 12    XL:     5   Next: 31%
Magic:  0/5        EV: 17    Int: 11    God:
Gold:   127        SH:  0    Dex: 21    Spells: 0 memorised, 4 levels left

rFire  . . .     SeeInvis .     j - +2 short sword (elec)
rCold  + . .     Gourm    .     k - +0 ring mail
rNeg   . . .     Faith    .     (no shield)
rPois  .         Spirit   +     a - +0 helmet
rElec  .         Dismiss  .     (no cloak)
rCorr  .         Reflect  .     (no gloves)
SustAt .         Harm     .     (no boots)
MR     .....                    (no amulet)
Stlth  +++.......               (no ring)
                                f - ring of protection from cold

@: agile, flying, not resistant to hostile enchantments, fairly stealthy
A: hooves 2, magic shield, rot immunity
a: no special abilities


You were in a sewer.
You were not hungry.

You visited 1 branch of the dungeon, and saw 3 of its levels.
You also visited: Sewer.

You collected 127 gold pieces.

Inventory:

Hand Weapons
 d - a +1 dagger of venom
 j - a +2 short sword of electrocution (weapon)
Armour
 a - a +0 helmet (worn)
 k - a +0 ring mail (worn)
Jewellery
 c - an uncursed ring of teleportation
 f - a ring of protection from cold (left hand)
Scrolls
 e - a scroll of magic mapping
Potions
 i - a potion of flight
Comestibles
 b - 2 bread rations


   Skills:
 - Level 3.0 Fighting
 + Level 4.2 Short Blades
 - Level 2.6 Dodging
 - Level 1.7 Stealth
 - Level 4.0 Unarmed Combat


You had 4 spell levels left.
You didn't know any spells.

Dungeon Overview and Level Annotations

Branches:
Dungeon (3/15)

Altars:
Nemelex Xobeh
Yredelemnul


Innate Abilities, Weirdness & Mutations

You have hoof-like feet.
When hurt, damage is shared between your health and your magic reserves.
You are immune to rotting.


Message History

* * * LOW HITPOINT WARNING * * *
You barely miss the big kobold.
The big kobold is severely wounded.
The kobold closely misses you. The kobold hits you but does no damage.
The kobold closely misses you. The big kobold barely misses you.
You hit the big kobold.
There is a sudden explosion of sparks!
You kick the big kobold, but do no damage.
The big kobold is almost dead.
The kobold closely misses you. The kobold hits you but does no damage.
The kobold completely misses you.
You hit the big kobold but do no damage.
The big kobold is almost dead.
The big kobold hits you but does no damage.
The kobold completely misses you. The kobold closely misses you.
You closely miss the big kobold. Your kick misses the big kobold.
The big kobold is almost dead.
The kobold misses you. The big kobold hits you with a club.
* * * LOW HITPOINT WARNING * * *
The kobold hits you with a dagger.
You die...

≈≈≈≈≈≈≈≈≈≈≈≈≈≈≈≈≈≈≈≈≈≈≈≈≈≈≈≈
≈≈≈≈≈≈≈≈≈≈≈≈≈≈≈≈≈≈≈≈≈≈≈≈≈≈≈≈
≈≈≈≈≈≈≈≈≈≈≈≈≈≈≈≈≈≈≈≈≈≈≈≈≈≈≈≈
##########≈≈≈≈##########≈≈≈#
P...≈≈≈≈≈≈≈P≈≈≈PP..P≈≈P≈≈P
≈...≈≈≈P≈≈≈≈≈≈≈≈..P≈≈..≈≈≈
≈......††P≈P.............≈
.........KK..........P....
...##....@K...............
##...#K...........†...
#...#..........##....
#####..####...####(.# ####
##### ####


You could see a big kobold and 3 kobolds.

Vanquished Creatures
  A big kobold (Sewer)
  3 adders (D:2)
  A river rat (D:3)
  An ooze (D:2)
  3 worms
  A dart slug (D:2)
  An orc (D:3)
  2 ball pythons (Sewer)
  4 giant cockroaches
  8 goblins
  5 hobgoblins
  5 jackals (D:1)
  A quokka (D:3)
  3 bats
  5 giant newts
  8 kobolds
  10 rats
62 creatures vanquished.

Vanquished Creatures (others)
  An adder (D:2)
  A goblin (D:2)
2 creatures vanquished.

Grand Total: 64 creatures vanquished

Notes
Turn   | Place    | Note
--------------------------------------------------------------
     0 | D:1      | wvc the Demonspawn Monk began the quest for the Orb.
     0 | D:1      | Reached XP level 1. HP: 18/18 MP: 1/1
   550 | D:1      | Gained mutation: You are immune to rotting. [demonic ancestry]
   550 | D:1      | Reached XP level 2. HP: 23/24 MP: 2/2
   665 | D:1      | Reached skill level 1 in Short Blades
  1277 | D:2      | Gained mutation: You have large cloven feet. [demonic ancestry]
  1277 | D:2      | Reached XP level 3. HP: 25/29 MP: 3/3
  1393 | D:2      | Found a sparkling altar of Nemelex Xobeh.
  1471 | D:2      | Found a basalt altar of Yredelemnul.
  1721 | D:2      | Gained mutation: When hurt, damage is shared between your health and your magic reserves. [demonic ancestry]
  1721 | D:2      | Reached XP level 4. HP: 35/35 MP: 4/4
  2049 | D:3      | Found a glowing drain.
  2073 | Sewer    | Entered a sewer
  2432 | Sewer    | Noticed a big kobold
  2432 | Sewer    | Noticed a big kobold
  2475 | Sewer    | Killed a big kobold
  2475 | Sewer    | Gained mutation: You have hoof-like feet. [demonic ancestry]
  2475 | Sewer    | Reached XP level 5. HP: 19/41 MP: 1/5
  2491 | Sewer    | HP: 1/41 [big kobold/club (5)]
  2491 | Sewer    | Slain by a kobold

Vault maps used:
D:1:      roderic_lyre, st_stairs_1
D:2:      yredelemnul_altar_generic, nemelex_altar_shiori
D:3:      kennysheep_big_flooded_room, nicolae_ru_awakened_eye,
          portal_sewer_entry_b, minmay_fountain_box
Sewer:    kennysheep_pipe_town

Skill      XL: |  1  2  3  4 |
---------------+-------------+-----
Unarmed Combat | 4 |  4.0
Short Blades   | 1 2 4 |  4.2
Fighting       | |  3.0
Dodging        | |  2.6
Stealth        | |  1.7

Action                   |  1- 3 |  4- 6 || total
-------------------------+-------+-------++-------
Melee: Unarmed           |    23 |       ||    23
       Dagger            |    38 |       ||    38
       Short sword       |    53 |   115 ||   168
       Kick              |    17 |    30 ||    47
       Punch             |     2 |     3 ||     5
  Use: Scroll            |     4 |     1 ||     5
       Potion            |       |     7 ||     7
 Stab: Sleeping          |     3 |       ||     3
  Eat: Beef jerky        |     1 |     1 ||     2
       Chunk             |     1 |     1 ||     2
Armor: Leather armour    |     9 |       ||     9
       Robe              |     2 |       ||     2
       Ring mail         |    24 |    44 ||    68
Dodge: Dodged            |    74 |   138 ||   212
